 Dungeon Crawl Stone Soup version 0.23.2-1-ga50397a (webtiles) character file.

Game seed: 11538069955920624138

2344 diana the Skirmisher (level 9, 0/69 HPs)
             Began as a Demonspawn Fighter on May 24, 2019.
             Was a Follower of Makhleb.
             Slain by Prince Ribbit (14 damage)
             ... on level 7 of the Dungeon.
             The game lasted 00:10:33 (5620 turns).

diana the Skirmisher (Demonspawn Fighter)           Turns: 5620, Time: 00:10:34

Health: 0/69       AC: 21    Str: 20    XL:     9   Next: 20%
Magic:  9/9        EV:  8    Int: 17    God:    Makhleb [*.....]
Gold:   241        SH: 10    Dex: 14    Spells: 8/8 levels left

rFire    . . .     SeeInvis .   a - +0 war axe
rCold    . . .     Gourm    .   c - +0 shield
rNeg     + . .     Faith    +   h - +8 chain mail of the Lost Souls {+Blink rN+ Int+3}
rPois    .         Spirit   .   (no helmet)
rElec    .         Reflect  .   n - +0 cloak
rCorr    .         Harm     .   x - +0 pair of gloves
MR       .....                  w - +0 pair of boots
Stlth    ..........             s - amulet of faith
HPRegen  0.21/turn              e - +4 ring of intelligence
MPRegen  0.11/turn              (no ring)

@: no status effects
A: hooves 1, thin skeletal structure 1, powered by death 1
a: Renounce Religion, Evoke Blink


You were on level 7 of the Dungeon.
You worshipped Makhleb.
Makhleb was aware of your devotion.
You were not hungry.

You visited 2 branches of the dungeon, and saw 8 of its levels.

You collected 241 gold pieces.

Inventory:

Hand Weapons
 a - a +0 war axe (weapon)
Missiles
 b - 2 throwing nets (quivered)
Armour
 c - a +0 shield (worn)
 h - the +8 chain mail of the Lost Souls (worn) {+Blink rN+ Int+3}
   (You found it on level 4 of the Dungeon)

   It affects your intelligence (+3).
   It protects you from negative energy.
   It lets you blink.
 n - a +0 cloak (worn)
 w - a +0 pair of boots (worn)
 x - a +0 pair of gloves (worn)
Jewellery
 e - a +4 ring of intelligence (left hand)
 s - an amulet of faith (around neck)
Wands
 r - a wand of acid (11)
 t - a wand of enslavement (3)
Scrolls
 g - 4 scrolls of remove curse
 i - 2 scrolls of noise {unknown}
 j - 5 scrolls of identify
 k - 4 scrolls of teleportation
 m - a scroll of fog {unknown}
 o - 4 scrolls of blinking
 p - 2 scrolls of magic mapping {unknown}
 q - a scroll of amnesia {unknown}
 v - a scroll of fear {unknown}
Potions
 d - a potion of heal wounds
 l - a potion of berserk rage {unknown}
 u - 3 potions of brilliance
Comestibles
 f - 6 rations


   Skills:
 + Level 6.2 Fighting
 + Level 5.3 Axes
 + Level 5.7 Armour
 + Level 4.8 Dodging
 + Level 5.7 Shields


You had 8 spell levels left.
You didn't know any spells.
Your spell library contained the following spells:

 Spells                   Type           Power        Failure   Level  Hunger
 Magic Dart               Conj           #...         100%        1    ##.....
 Searing Ray              Conj           #.....       100%        2    ###....
 Dazzling Spray           Conj/Hex       #.....       100%        3    ####...
 Force Lance              Conj/Tloc      #.......     100%        4    #####..
 Fulminant Prism          Conj/Hex       #.........   100%        4    #####..
 Iskenderun's Mystic Bla  Conj           #.......     100%        4    #####..


Dungeon Overview and Level Annotations

Branches:
Dungeon (7/15)             Temple (1/1) D:6

Altars:
Dithmenos
Elyvilon
Hepliaklqana
Kikubaaqudgha
Makhleb
Nemelex Xobeh
Qazlal
Ru
Trog
Wu Jian

Annotations:
D:4 3 runed translucent doors, Kahibar's ghost, amateur DrTm; Zebulonius's ghost, amateur MiBe; jazmu's ghost, novice FoWn
D:7 Prince Ribbit


Innate Abilities, Weirdness & Mutations

You have large cloven feet.
You have a somewhat thin skeletal structure. (Dex +2, Stealth)
You regenerate a little health from kills.


Message History

Your chain mail of the Lost Souls prevents you from hitting Prince Ribbit.
Prince Ribbit is moderately wounded.
You block Prince Ribbit's attack. x2
You closely miss Prince Ribbit.
Prince Ribbit is moderately wounded.
Prince Ribbit blinks!
Prince Ribbit blinks!
You closely miss Prince Ribbit.
Prince Ribbit is moderately wounded.
Prince Ribbit hits you but does no damage.
Prince Ribbit closely misses you.
You slash Prince Ribbit!
Prince Ribbit is severely wounded.
Prince Ribbit says, "You're just another fly to me."
Prince Ribbit hits you!
* * * LOW HITPOINT WARNING * * *
You miss Prince Ribbit.
Prince Ribbit is severely wounded.
Prince Ribbit hits you!
You die...

##...........##.######.
####.###..#...........
#.# #..#.##.###### #.#
#....##.# #.# ##.#.##.#
#.# #......#
#.####.#.####
#.F......# ###@....##
#######.###.# ........#
.. #######.# # #.. ##..
#.. #.# .#


You could see Prince Ribbit.

Vanquished Creatures
  Harold (D:7)
  2 phantoms (D:4)
  An orc warrior (D:7)
  An ogre (D:4)
  3 bullfrogs (D:6)
  A gnoll sergeant (D:7)
  2 scorpions (D:4)
  3 wights (D:6)
  2 bullfrog zombies (D:6)
  2 orc priests
  2 bullfrog skeletons
  A hound (D:4)
  2 centaur skeletons (D:5)
  Ijyb (D:3)
  An iguana (D:6)
  2 orc wizards
  Natasha (twice) (D:4)
  4 worker ants
  8 gnolls
  A howler monkey skeleton (D:6)
  7 adders
  3 shadow imps
  2 oozes
  2 adder skeletons
  An adder zombie (D:5)
  A worm (D:5)
  3 dart slugs
  2 leopard geckos
  26 orcs
  A ball python (D:1)
  5 giant cockroaches
  10 goblins
  4 hobgoblins
  5 jackals
  4 quokkas
  8 bats
  3 frilled lizards
  7 kobolds
  A leopard gecko skeleton (D:5)
  A quokka skeleton (D:5)
  A quokka zombie (D:3)
  7 rats
146 creatures vanquished.

Notes
Turn   | Place    | Note
-------+----------+-------------------------------------------
     0 | D:1      | diana the Demonspawn Fighter began the quest for the Orb.
     0 | D:1      | Reached XP level 1. HP: 18/18 MP: 1/1
   145 | D:1      | Gained mutation: You have a somewhat thin skeletal
                  | structure. (Dex +2, Stealth) [demonic ancestry]
   145 | D:1      | Reached XP level 2. HP: 24/24 MP: 2/2
   562 | D:2      | Gained mutation: You have large cloven feet. [demonic
                  | ancestry]
   562 | D:2      | Reached XP level 3. HP: 21/29 MP: 3/3
   654 | D:2      | Reached skill level 1 in Dodging
   882 | D:2      | Found a sacrificial altar of Ru.
  1002 | D:3      | Noticed Ijyb
  1014 | D:3      | Killed Ijyb
  1014 | D:3      | Gained mutation: You regenerate a little health from kills.
                  | [demonic ancestry]
  1014 | D:3      | Reached XP level 4. HP: 25/35 MP: 4/4
  1132 | D:3      | Found a shadowy altar of Dithmenos.
  1307 | D:3      | Reached XP level 5. HP: 42/42 MP: 5/5
  1605 | D:4      | Noticed an ogre
  1612 | D:4      | Killed an ogre
  1759 | D:4      | Noticed a phantom
  1816 | D:4      | Reached skill level 4 in Fighting
  1821 | D:4      | Reached XP level 6. HP: 20/48 MP: 6/6
  1878 | D:4      | Noticed Natasha
  1886 | D:4      | Killed Natasha
  1970 | D:4      | HP: 1/48 [phantom (8)]
  1992 | D:4      | Got a garnet-encrusted chain mail
  2003 | D:4      | Identified the +8 chain mail of the Lost Souls {+Blink rN+
                  | Int+3} (You found it on level 4 of the Dungeon)
  2018 | D:4      | Reached XP level 7. HP: 8/55 MP: 7/7
  2087 | D:4      | Found a runed translucent gate.
  2087 | D:4      | Found a runed translucent gate.
  2088 | D:4      | Found a runed translucent gate.
  2089 | D:4      | Noticed Zebulonius's ghost (amateur MiBe)
  2090 | D:4      | Noticed Kahibar's ghost (amateur DrTm)
  2090 | D:4      | Noticed jazmu's ghost (novice FoWn)
  2520 | D:4      | Noticed Natasha
  2526 | D:4      | Killed Natasha
  2796 | D:5      | Entered Level 5 of the Dungeon
  3310 | D:5      | Reached skill level 5 in Fighting
  3685 | D:6      | Found a staircase to the Ecumenical Temple.
  3710 | Temple   | Entered the Ecumenical Temple
  3792 | Temple   | Became a worshipper of Makhleb the Destroyer
  3838 | D:6      | Found a stormy altar of Qazlal.
  3873 | D:6      | Found a bloodstained altar of Trog.
  3879 | D:6      | Found a hazy altar of Hepliaklqana.
  3879 | D:6      | Found a white marble altar of Elyvilon.
  3882 | D:6      | Found an ornate altar of the Wu Jian Council.
  3883 | D:6      | Found a sacrificial altar of Ru.
  3884 | D:6      | Found an ancient bone altar of Kikubaaqudgha.
  4267 | D:6      | Reached XP level 8. HP: 62/62 MP: 8/8
  4555 | D:6      | Reached skill level 5 in Armour
  4586 | D:6      | Reached * piety under Makhleb
  4586 | D:6      | Reached skill level 5 in Shields
  5341 | D:7      | Noticed Harold
  5434 | D:7      | Killed Harold
  5434 | D:7      | Reached skill level 6 in Fighting
  5434 | D:7      | Reached skill level 5 in Axes
  5434 | D:7      | Reached XP level 9. HP: 39/69 MP: 9/9
  5565 | D:7      | Noticed Prince Ribbit
  5620 | D:7      | Slain by Prince Ribbit

Skill      XL: |  1  2  3  4  5  6  7  8 |
---------------+-------------------------+-----
Axes           | 2 3 4 5 |  5.3
Armour         | 3 4 5 |  5.7
Dodging        | 1 2 3 4 |  4.8
Shields        | 3 4 5 |  5.7
Fighting       | 4 5 6 |  6.2

Action                   |  1- 3 |  4- 6 |  7- 9 || total
-------------------------+-------+-------+-------++-------
Melee: War axe           |    89 |   152 |   383 ||   624
       Kick              |    10 |    36 |    40 ||    86
Throw: Throwing net      |       |     1 |       ||     1
  Use: Potion            |       |     2 |     1 ||     3
       Scroll            |       |       |     5 ||     5
 Stab: Held in net/web   |       |     1 |       ||     1
  Eat: Chunk             |       |     3 |     8 ||    11
       Ration            |       |       |     2 ||     2
Armor: Scale mail        |    57 |    52 |       ||   109
       Chain mail        |       |     5 |   216 ||   221
       Skin              |       |       |     7 ||     7
Dodge: Dodged            |    27 |    49 |    91 ||   167
Block: Shield            |    48 |    60 |   187 ||   295
